 Dungeon Crawl Stone Soup version 0.22-a0-373-gab1296c (webtiles) character file.

1571 Amnesiac the Shooter (level 8, -17/60 HPs)
             Began as a Mummy Fighter on Apr 25, 2018.
             Was a Believer of Okawaru.
             Demolished by a two-headed ogre
             ... wielding a +0 giant club
              (19 damage)
             ... while paralysed by Grinder
             ... on level 6 of the Dungeon.
             The game lasted 00:10:17 (5739 turns).

Amnesiac the Shooter (Mummy Fighter)                Turns: 5739, Time: 00:10:18

Health: -17/60     AC: 10    Str: 21    XL:     8   Next: 59%
Magic:  0/8        EV:  2    Int:  7    God:    Okawaru [**....]
Gold:   29         SH:  0    Dex: 12    Spells: 7/7 levels left

rFire    x . .     SeeInvis .   a - +0 shortbow (freeze)
rCold    + . .     Gourm    .   (shield currently unavailable)
rNeg     + + +     Faith    .   l - +3 ring mail
rPois    ∞         Spirit   +   (no helmet)
rElec    .         Reflect  +   f - scarf {Spirit}
rCorr    .         Harm     .   o - +0 pair of gloves
MR       +....                  (no boots)
Stlth    ..........             g - +4 amulet of reflection
HPRegen  0.20/turn              b - ring of loudness (curse)
MPRegen  0.11/turn              (no ring)

@: paralysed
A: no food or potions, fire vulnerability, cold resistance 1, negative energy
resistance 3, torment resistance, unbreathing
a: Heroism, Renounce Religion


You were on level 6 of the Dungeon.
You worshipped Okawaru.
Okawaru was pleased with you.
You were not hungry.

You visited 2 branches of the dungeon, and saw 7 of its levels.

You collected 192 gold pieces.
You spent 163 gold pieces at shops.

Inventory:

Hand Weapons
 a - a +0 shortbow of freezing (weapon)
Missiles
 n - 3 arrows (quivered)
Armour
 c - a +0 shield
 f - a scarf of spirit shield (worn)
 l - a +3 ring mail (worn)
 o - a +0 pair of gloves (worn)
Jewellery
 b - a cursed ring of loudness (left hand)
 g - a +4 amulet of reflection (around neck)
Wands
 p - a wand of flame (33)
Scrolls
 d - 5 scrolls of remove curse {!r}
 e - 3 scrolls of enchant armour {!r}
 h - 2 scrolls of fog {!r}
 i - 3 scrolls of teleportation {!r}
 j - a scroll of immolation {!r}
 k - a scroll of magic mapping {!r}
 m - a scroll of fear {!r, unknown}
 q - a scroll of identify {!r}


   Skills:
 - Level 4.3 Fighting
   Level 2.0 Long Blades
 + Level 6.0 Bows
 - Level 4.3 Armour
 - Level 4.4 Dodging
 - Level 2.4 Shields


You had 7 spell levels left.
You didn't know any spells.

Dungeon Overview and Level Annotations

Branches:
Dungeon (6/15)             Temple (1/1) D:4

Altars:
Ashenzari
Cheibriados
Dithmenos
Gozag
Kikubaaqudgha
Okawaru
Qazlal
Ru
Trog
Vehumet
Xom
The Shining One

Shops:
D:4 **!=

Annotations:
D:6 Grinder, Pikel


Innate Abilities, Weirdness & Mutations

You do not eat or drink.
Your flesh is vulnerable to fire.
You are immune to poison.
Your flesh is cold resistant. (rC+)
You are immune to negative energy. (rN+++)
You are immune to unholy pain and torment.
You can survive without breathing.


Message History

Firing (i - inventory)
n - 6 arrows (quivered)
Press: ? - help, Shift-Dir - straight line, f/p - Grinder
Aim: Grinder You shoot an arrow.
The arrow hits Grinder.
Grinder is lightly wounded.
The hound barely misses you. Grinder hits you. The hound closely misses you.
Firing (i - inventory)
n - 5 arrows (quivered)
Press: ? - help, Shift-Dir - straight line, f/p - Grinder
Aim: Grinder (lightly wounded)
You shoot an arrow. The arrow hits Grinder.
Grinder is lightly wounded.
The hound closely misses you. Grinder hits you but does no damage.
Firing (i - inventory)
n - 4 arrows (quivered)
Press: ? - help, Shift-Dir - straight line, f - hound, p - Grinder
Aim: a hound You shoot an arrow.
The arrow hits the hound!
The arrow freezes the hound.
The hound is severely wounded.
The hound closely misses you. Grinder hits you but does no damage.
The hound bites you but does no damage.
Firing (i - inventory)
n - 3 arrows (quivered)
Press: ? - help, Shift-Dir - straight line, f/p - hound
Aim: a hound (severely wounded)
You shoot an arrow. The arrow barely misses the hound.
The hound bites you. Grinder gestures at you.
You easily resist.
Firing (i - inventory)
n - 2 arrows (quivered)
Press: ? - help, Shift-Dir - straight line, f/p - hound
Aim: a hound (severely wounded)
You shoot an arrow. The arrow hits the hound.
The arrow freezes the hound.
You kill the hound!
Okawaru accepts your kill.
Your Bows skill increases to level 6!
Grinder blinks!
Grinder blinks!
Found 15 gold pieces.
n - 3 arrows (gained 2)
There are no items here.
A two-headed ogre comes into view.
It is wielding a giant club and a giant spiked club.
The two-headed ogre shouts in stereo!
The two-headed ogre moves out of view.
You block the two-headed ogre's attack.
The two-headed ogre hits you but does no damage.
Found a stone staircase leading up.
The two-headed ogre hits you with a giant club!
The two-headed ogre hits you with a giant spiked club!
You see here 15 gold pieces.
Grinder hits you. You block Grinder's attack. Grinder gestures at you.
You suddenly lose the ability to move!
Found 13 gold pieces.
Grinder hits you. Grinder gestures at you.
You easily resist.
The two-headed ogre hits you with a giant club.
The two-headed ogre hits you with a giant spiked club!!
* * * LOW HITPOINT WARNING * * *
Grinder says, "DUCK!"
Grinder hits you.
* * * LOW HITPOINT WARNING * * *
The two-headed ogre hits you with a giant club!!
* * * LOW HITPOINT WARNING * * *
The two-headed ogre hits you with a giant spiked club!!
You die...

######### #...$..<#
#@#### . # #5O..## .#
#.######.....##.#
#................
#.##.###..(..### #.#
##...## . #.# ##.##
#...##.#####.######.
#.......$............#


You could see a two-headed ogre and Grinder.

Vanquished Creatures
  Sigmund (D:5)
  Edmund (D:5)
  An ice beast (D:5)
  A sky beast (D:3)
  The ghost of whitenoisemaker the Changer, an amateur DrTm of Cheibriados (D:4)
  2 centaurs (D:5)
  2 ogres (D:5)
  A bullfrog (D:6)
  A crimson imp (D:5)
  A gnoll shaman (D:4)
  3 orc priests
  2 hounds
  An iguana (D:6)
  An orc wizard (D:4)
  2 worker ants
  A killer bee zombie (D:6)
  A hound zombie (D:6)
  A hound skeleton (D:4)
  8 adders
  8 gnolls
  An ooze (D:4)
  An adder skeleton (D:4)
  3 worms
  2 dart slugs (D:1)
  2 leopard geckos
  12 orcs
  12 bats
  10 giant cockroaches
  7 hobgoblins
  4 jackals (D:1)
  2 quokkas
  2 ball pythons
  3 frilled lizards
  5 goblins
  A jackal skeleton (D:5)
  6 kobolds
  9 rats
122 creatures vanquished.

Notes
Turn   | Place    | Note
-------+----------+-------------------------------------------
     0 | D:1      | Amnesiac the Mummy Fighter began the quest for the Orb.
     0 | D:1      | Reached XP level 1. HP: 18/18 MP: 1/1
   148 | D:1      | Reached XP level 2. HP: 24/24 MP: 2/2
   172 | D:1      | Reached skill level 1 in Dodging
   314 | D:1      | Reached XP level 3. HP: 20/29 MP: 3/3
   912 | D:2      | Found a shattered altar of Ashenzari.
   951 | D:2      | Reached XP level 4. HP: 35/35 MP: 4/4
  1471 | D:3      | Noticed a sky beast
  2228 | D:4      | Noticed whitenoisemaker's ghost (amateur DrTm)
  2660 | D:3      | Killed a sky beast
  2660 | D:3      | Reached XP level 5. HP: 27/41 MP: 2/5
  3169 | D:4      | Found Saeniuc's Distillery.
  3203 | D:4      | Reached XP level 6. HP: 26/47 MP: 3/6
  3437 | D:4      | Found Neygofoj's Assorted Antiques.
  3447 | D:4      | Bought a scroll labeled BOAGUK YTEPSA for 22 gold pieces
  3447 | D:4      | Bought a scroll labeled ELICEO BEYMIAL for 22 gold pieces
  3447 | D:4      | Bought a scroll labeled BOAGUK YTEPSA for 22 gold pieces
  3447 | D:4      | Bought a scroll labeled BOAGUK YTEPSA for 22 gold pieces
  3617 | D:4      | Found a staircase to the Ecumenical Temple.
  3641 | Temple   | Entered the Ecumenical Temple
  3646 | Temple   | Became a worshipper of Warmaster Okawaru
  3761 | D:4      | Killed whitenoisemaker's ghost
  3780 | D:4      | Found Reihur's General Store.
  3975 | D:4      | Found Fuarouph's Jewellery Shoppe.
  4081 | D:5      | Entered Level 5 of the Dungeon
  4142 | D:5      | Reached XP level 7. HP: 34/54 MP: 3/7
  4167 | D:5      | Reached * piety under Okawaru
  4285 | D:4      | Bought 29 arrows for 75 gold pieces
  4615 | D:5      | Reached skill level 1 in Bows
  4682 | D:5      | Noticed Edmund
  4711 | D:5      | Killed Edmund
  4711 | D:5      | Reached skill level 2 in Bows
  4734 | D:5      | Reached skill level 3 in Bows
  4744 | D:5      | Found a shadowy altar of Dithmenos.
  4792 | D:5      | Noticed Sigmund
  4817 | D:5      | Killed Sigmund
  4817 | D:5      | Reached ** piety under Okawaru
  4817 | D:5      | Reached skill level 4 in Bows
  4817 | D:5      | Reached XP level 8. HP: 16/60 MP: 1/8
  5259 | D:5      | Reached skill level 5 in Bows
  5417 | D:6      | Noticed Pikel
  5687 | D:6      | Noticed Grinder
  5695 | D:6      | Paralysed by Grinder for 4 turns
  5706 | D:6      | Reached skill level 6 in Bows
  5710 | D:6      | Noticed a two-headed ogre
  5735 | D:6      | Paralysed by Grinder for 6 turns
  5739 | D:6      | HP: 2/60 [two-headed ogre/giant club (16)]
  5739 | D:6      | Demolished by a two-headed ogre

Vault maps used:
D:1:      wheals_arrival_linesprint
D:2:      ashenzari_conservatory_becter
D:3:      first_ration
D:4:      minmay_temple_entry_glassed_door, serial_shops, shop,
          nicolae_shop_crystal, nicolae_shop_overgrown_old_shop,
          nicolae_shop_crystal
D:5:      hangedman_abyss_or_decor_jellyfish_corner,
          nicolae_dithmenos_shadow_blocks, uniq_sigmund, uniq_edmund
D:6:      nicolae_benzene_ring, uniq_grinder, uniq_pikel
Temple:   grunt_wide_crystal_templ

Skill      XL: |  1  2  3  4  5  6  7  8 |
---------------+-------------------------+-----
Long Blades    | 2 |  2.0
Dodging        | 1 2 3 4 |  4.4
Armour         | 3 4 |  4.3
Fighting       | 4 |  4.3
Bows           | 4 6 |  6.0
Shields        | |  2.4

Action                   |  1- 3 |  4- 6 |  7- 9 || total
-------------------------+-------+-------+-------++-------
Melee: Long sword        |   183 |   287 |    45 ||   515
 Fire: Shortbow          |       |       |   172 ||   172
Invok: Heroism           |       |       |     3 ||     3
  Use: Scroll            |       |     5 |     2 ||     7
Armor: Scale mail        |   143 |    75 |       ||   218
       Ring mail         |       |    32 |    76 ||   108
Dodge: Dodged            |    85 |    93 |   108 ||   286
Block: Shield            |   128 |   231 |    51 ||   410
       Other             |       |       |    23 ||    23
       Reflection        |       |       |     2 ||     2
       Rpst.: Long sword |    25 |    35 |     9 ||    69

Table legend:
 A = Spawn XP
 B = Non-spawn XP
 C = Spawn XP percentage of total XP
 D = Spawn monster count
 E = Non-spawn monster count
 F = Spawn count percentage of total count
 G = Total turns spent on level
                    A         B        C        D         E        F      G
               +---------+---------+-------+---------+---------+-------+---------
         Total |       0 |    2245 |   0.0 |       0 |     122 |   0.0 |  5739
               +---------+---------+-------+---------+---------+-------+---------
           D:1 |       0 |      63 |   0.0 |       0 |      36 |   0.0 |   592
           D:2 |       0 |      55 |   0.0 |       0 |      16 |   0.0 |   653
           D:3 |       0 |     205 |   0.0 |       0 |      17 |   0.0 |  2007
           D:4 |       0 |     390 |   0.0 |       0 |      21 |   0.0 |  1015
           D:5 |       0 |    1299 |   0.0 |       0 |      25 |   0.0 |  1291
           D:6 |       0 |     219 |   0.0 |       0 |       6 |   0.0 |   161
        Temple |       0 |      14 |   0.0 |       0 |       1 |   0.0 |    20
               +---------+---------+-------+---------+---------+-------+---------
